 Dungeon Crawl Stone Soup version 0.16.1-11-g651b585 (webtiles) character file.

128 Joshi the Skirmisher (level 4, -3/44 HPs)
             Began as a Minotaur Berserker on Mar 31, 2015.
             Was a Priest of Trog.
             Slain by Grinder (10 damage)
             ... on level 3 of the Dungeon.
             The game lasted 00:05:23 (1674 turns).

Joshi the Skirmisher (Minotaur Berserker)           Turns: 1674, Time: 00:05:23

Health: -3/44      AC:  2    Str: 22    XL:     4   Next: 86%
Magic:  2/2        EV: 12    Int:  4    God:    Trog [***...]
Gold:   55         SH:  0    Dex: 10    Spells: 0 memorised, 3 levels left

rFire  . . .     SeeInvis .     a - +0 hand axe
rCold  . . .     Clarity  .     b - +0 animal skin
rNeg   . . .     SustAb   .     (no shield)
rPois  .         Gourm    .     (helmet restricted)
rElec  .         Spirit   .     (no cloak)
rCorr  .         Warding  .     (no gloves)
rMut   .         Stasis   .     (no boots)
MR     .....                    i - amulet of faith
Stlth  +.........               (no ring)
                                (no ring)

@: exhausted, slowed, very slow, not resistant to hostile enchantments, very
unstealthy
A: retaliatory headbutt, horns 2
a: Burn Spellbooks, Berserk, Trog's Hand, Renounce Religion


You were on level 3 of the Dungeon.
You worshipped Trog.
Trog was most pleased with you.
You were very hungry.

You visited 1 branch of the dungeon, and saw 3 of its levels.

You collected 55 gold pieces.

Inventory:

Hand weapons
 a - a +0 hand axe (weapon)
Missiles
 n - 2 silver tomahawks (quivered)
Armour
 b - a +0 animal skin (worn)
Jewellery
 i - an amulet of faith (around neck)
 q - an uncursed amulet of rage {unknown}
Scrolls
 e - a scroll of remove curse {unknown}
 f - 2 scrolls of identify
 o - a scroll of enchant weapon {unknown}
 p - a scroll of magic mapping {unknown}
 r - a scroll of random uselessness {unknown}
Potions
 d - a potion of agility
 h - a potion of haste {unknown}
 k - a potion of might {unknown}
 m - a potion of resistance {unknown}
Comestibles
 c - 2 bread rations
 g - 3 beef jerkies
 j - 4 meat rations
 l - a slice of pizza


   Skills:
 * Level 6.0 Fighting
 + Level 4.8 Axes
 - Level 2.4 Armour
 - Level 2.1 Dodging


You had 3 spell levels left.
You didn't know any spells.

Dungeon Overview and Level Annotations

Branches:
Dungeon (3/15)

Altars:

Annotations:
D:3 Grinder


Innate Abilities, Weirdness & Mutations

You reflexively headbutt those who attack you in melee.
You have a pair of horns on your head.


Message History

Grinder gestures at you.
You suddenly lose the ability to move!
Grinder says, "DUCK!"
Grinder hits you!
You writhe in agony.
Grinder gestures at you. You resist with significant effort. Grinder hits you.
* * * LOW HITPOINT WARNING * * *
You writhe in agony.
* * * LOW HITPOINT WARNING * * *
You can move again.
Eat which item? (? for menu, Esc to quit)
Okay, then.
Drink which item? (? for menu, Esc to quit)
Okay, then.
Read which item? (? for menu, Esc to quit)
Okay, then.
Grinder says, "I used to sell toenails on the black market."
Grinder hits you!
You die...

#.....#.# #.#
###..##.#########.#
....#....<......#
#.#.############.#
.#.# #.# . .# #.#
.. #.#
...##########.#
........5@)..).#
...#.....####.###
#...PP..#.....#
....♣.....#.###.#
....P♣...##. .#
.##.....###. #
##..### #. ##. .#
#. .


You could see Grinder.

Vanquished Creatures
  Jessica (D:3)
  3 gnolls (D:2)
  An adder (D:3)
  3 worms (D:2)
  A giant mite (D:2)
  A giant gecko (D:1)
  2 oozes (D:2)
  An orc (D:3)
  2 giant cockroaches
  6 goblins
  2 hobgoblins
  A quokka (D:2)
  13 bats
  4 giant newts
  A kobold (D:2)
  6 rats
48 creatures vanquished.

Vanquished Creatures (others)
  A worm (D:3)
1 creature vanquished.

Grand Total: 49 creatures vanquished

Notes
Turn   | Place    | Note
--------------------------------------------------------------
     0 | D:1      | Joshi, the Minotaur Berserker, began the quest for the Orb.
     0 | D:1      | Reached XP level 1. HP: 19/19 MP: 1/1
   231 | D:1      | Reached skill level 4 in Fighting
   301 | D:1      | Reached XP level 2. HP: 27/27 MP: 1/1
   551 | D:1      | Acquired Trog's second power
   661 | D:2      | Reached XP level 3. HP: 34/34 MP: 2/2
   664 | D:2      | Reached skill level 5 in Fighting
   970 | D:2      | Reached XP level 4. HP: 7/42 MP: 2/2
  1623 | D:3      | Noticed Jessica
  1628 | D:3      | Noticed Grinder
  1655 | D:3      | Killed Jessica
  1655 | D:3      | Reached skill level 6 in Fighting
  1670 | D:3      | Paralysed by Grinder for 4 turns
  1674 | D:3      | Slain by Grinder

Action                   |  1- 3 |  4- 6 || total
-------------------------+-------+-------++-------
Melee: Hand axe          |    64 |    42 ||   106
Invok: Berserk           |     1 |     1 ||     2
  Use: Scroll            |     2 |       ||     2
       Potion            |     1 |       ||     1
  Eat: Chunk             |     1 |     2 ||     3
